 Dungeon Crawl Stone Soup version 0.21.0-24-g2553a33 (webtiles) character file.

93 Gorice the Slasher (level 4, -4/35 HPs)
             Began as a Demonspawn Berserker on Jan 20, 2018.
             Was a Believer of Trog.
             Killed from afar by an orc wizard (10 damage)
             ... with a puff of flame
             ... on level 3 of the Dungeon.
             The game lasted 00:04:59 (1927 turns).

Gorice the Slasher (Demonspawn Berserker)           Turns: 1927, Time: 00:04:59

Health: -4/35      AC:  6    Str: 18    XL:     4   Next: 37%
Magic:  4/4        EV: 10    Int:  8    God:    Trog [**....]
Gold:   92         SH:  0    Dex: 13    Spells: 3/3 levels left

rFire    . . .     SeeInvis .   a - +0 falchion
rCold    . . .     Gourm    .   (no shield)
rNeg     . . .     Faith    .   k - +0 scale mail
rPois    .         Spirit   .   (no helmet)
rElec    .         Reflect  .   (no cloak)
rCorr    .         Harm     .   (no gloves)
MR       .....                  (no boots)
Stlth    ..........             (no amulet)
HPRegen  0.11/turn              (no ring)
MPRegen  0.09/turn              (no ring)

@: about to teleport
A: talons 1, powered by pain 1
a: Berserk, Trog's Hand, Burn Spellbooks, Renounce Religion


You were on level 3 of the Dungeon.
You worshipped Trog.
Trog was pleased with you.
You were not hungry.

You visited 1 branch of the dungeon, and saw 3 of its levels.

You collected 92 gold pieces.

Inventory:

Hand Weapons
 a - a +0 falchion (weapon)
 b - a +0 hunting sling
 f - a +0 hunting sling
Missiles
 Y - 42 stones (quivered)
Armour
 g - a +0 ring mail
 k - a +0 scale mail (worn)
 n - a +0 animal skin
 q - a +0 hat
Scrolls
 h - 2 scrolls of teleportation {!r}
Potions
 l - a potion of mutation {!q}
Comestibles
 c - 7 rations


   Skills:
 - Level 3.0 Fighting
 * Level 4.3 Long Blades
 + Level 2.5 Armour
 - Level 1.7 Dodging


You had 3 spell levels left.
You didn't know any spells.

Dungeon Overview and Level Annotations

Branches:
Dungeon (3/15)

Altars:
Yredelemnul


Innate Abilities, Weirdness & Mutations

You have sharp toenails.
You sometimes gain a little power by taking damage.


Message History

* * * LOW HITPOINT WARNING * * *
Damage: 3 (max 9)
Your scale mail prevents you from hitting something.
Your kick misses something. Something completely misses you.
Unknown command.
You closely miss something. Something hits you but does no damage.
Unknown command.
You closely miss something.
Something hits you but does no damage. x2
The orc priest invokes the aid of Beogh against you.
Unknown command.
You hit something. Your kick misses something.
The orc priest casts a cantrip, but nothing happens.
Unknown command.
Your scale mail prevents you from hitting something.
Your kick misses something. Something hits you.
* * * LOW HITPOINT WARNING * * *
Something hits you.
* * * LOW HITPOINT WARNING * * *
Damage: 6 (max 9) Unknown command.
You closely miss something.
You hear some strange, mumbled words.
A puff of flame appears from out of thin air!
The puff of flame misses you. Something hits you but does no damage.
You barely miss something. Your kick misses something.
Something hits you but does no damage.
Unknown command.
You hit something but do no damage. Something hits you but does no damage.
You hear some strange, mumbled words.
A puff of flame appears from out of thin air!
The puff of flame hits you!
* * * LOW HITPOINT WARNING * * *
Damage: 8 (max 9) Unknown command.
It was a potion of curing.
You feel better. Something hits you.
* * * LOW HITPOINT WARNING * * *
Really read
h - 3 scrolls of teleportation {!r}?
As you read the scroll of teleportation {!r}, it crumbles to dust.
You feel strangely unstable. Something hits you but does no damage.
You hear some strange, mumbled words.
A puff of frost appears from out of thin air!
The puff of frost misses you.
Unknown command.
All of the chunks of flesh in your inventory have rotted away.
Items here: )) [ † a mace; a short sword; a ring mail; an orc corpse You hear some strange, mumbled words.
A puff of flame appears from out of thin air!
The puff of flame hits you!
You die...

#........####..#.#
##........# #..#.#####
...#.#...####.........
..............#.#####
..#.#.........#.#
......#.###.....# #
.............#### #.
#........## #..
#@##.#####
###...##)##.#
......o.....#
....$.####### #####


There were no monsters in sight!

Vanquished Creatures
  An orc priest (D:3)
  An adder (D:2)
  A gnoll (D:1)
  2 dart slugs (D:1)
  A leopard gecko (D:1)
  An orc (D:3)
  8 bats
  A giant cockroach (D:1)
  3 goblins
  5 hobgoblins (D:1)
  3 jackals (D:1)
  2 frilled lizards
  9 kobolds
  2 rats (D:1)
40 creatures vanquished.

Notes
Turn   | Place    | Note
-------+----------+-------------------------------------------
     0 | D:1      | Gorice the Demonspawn Berserker began the quest for the Orb.
     0 | D:1      | Reached XP level 1. HP: 18/18 MP: 1/1
    47 | D:1      | Reached skill level 3 in Long Blades
   127 | D:1      | Gained mutation: You sometimes gain a little power by taking damage. [demonic ancestry]
   127 | D:1      | Reached XP level 2. HP: 24/24 MP: 2/2
   286 | D:1      | Reached skill level 2 in Armour
   736 | D:1      | Reached ** piety under Trog
   736 | D:1      | Gained mutation: You have sharp toenails. [demonic ancestry]
   736 | D:1      | Reached XP level 3. HP: 29/29 MP: 3/3
  1136 | D:2      | Found a basalt altar of Yredelemnul.
  1377 | D:2      | Reached skill level 4 in Long Blades
  1914 | D:3      | Reached XP level 4. HP: 21/35 MP: 4/4
  1923 | D:3      | HP: 4/35 [something/puff of flame (8)]
  1927 | D:3      | Killed from afar by an orc wizard

Skill      XL: |  1  2  3 |
---------------+----------+-----
Long Blades    | 3 4 |  4.3
Armour         | 2 |  2.5
Fighting       | |  3.0
Dodging        | |  1.7

Action                   |  1- 3 |  4- 6 || total
-------------------------+-------+-------++-------
Melee: Falchion          |   130 |     9 ||   139
       Kick              |    17 |     1 ||    18
 Fire: Hunting sling     |     1 |       ||     1
  Use: Scroll            |     6 |     1 ||     7
       Potion            |       |     1 ||     1
  Eat: Chunk             |     3 |       ||     3
Armor: Ring mail         |    36 |       ||    36
       Animal skin       |     2 |       ||     2
       Scale mail        |    22 |     7 ||    29
Dodge: Dodged            |    80 |     3 ||    83
       Rpst.: Falchion   |    29 |       ||    29

Table legend:
 A = Turns spent in this place as a percentage of turns spent in the entire game.
 B = Non-inter-level travel turns spent in this place as a percentage of non-inter-level travel turns spent in the entire game.
 C = Inter-level travel turns spent in this place as a percentage of turns spent in this place.
 D = Turns resting spent in this place as a percentage of non-inter-level travel turns spent in this place.
 E = Turns spent auto-exploring this place as a percentage of non-inter-level travel turns spent in this place.
 F = Non-inter-level travel turns spent in this place divided by the number of levels of this place that you've seen.
                   A       B       C       D       E      F
               +-------+-------+-------+-------+-------+----------------------
         Total | 100.0 | 100.0 |   8.1 |  20.0 |  54.4 | 590.0
       Dungeon | 100.0 | 100.0 |   8.1 |  20.0 |  54.4 | 590.0
               +-------+-------+-------+-------+-------+----------------------

Vault maps used:
D:1:      lemuel_arrival_muddy, kennysheep_pointless_box
D:2:      first_ration, minivault_19, yredelemnul_altar_generic
